AoeStats
← BUDDASTYLE

Arabia

507358555Analyzed
1v1 RM · 13d ago on Sep 17, 2026· 51m 59s· 2 players
Game mode
Random Map
Map size
Tiny (2 player)
Population
200
Speed
Normal
Resources
Standard
Victory
Conquest
Starting age
Dark Age
Ending age
Imperial Age
RankedLock teamsTeams togetherTeam positionsShared explorationLock speedFull tech treeHidden civsTurbo modeCheats
Victory
Defeat
🇨🇱 Bohemians · Chile
1118
+15
🇦🇷 Koreans · Argentina
1101
-15
BUDDASTYLE
5:09 Loom
10:45 Feudal Age
12:41 Double-Bit Axe
14:05 Horse Collar
14:57 Town Watch
15:54 Gold Mining
22:04 Castle Age
23:07 Bow Saw
24:13 Fletching
46:08 Bodkin Arrow
Alvarote
3:28 Loom
10:50 Feudal Age
15:04 Castle Age
13:35 Double-Bit Axe
28:02 Sanctity
27:54 Redemption
28:40 Wagenburg Tactics
48:54 Bow Saw
48:27 Horse Collar
51:50 Imperial Age
Connection lost

Rejoining the realm…

Still unreachable

The connection could not be restored.

Session expired

The server has moved on; the page needs a fresh start.